Zazza, neutral female human Tourist ----------- |..<(.....| #-.........| -------- #|..........# |......| #-----------# #...(...| ## # ###--.----- # # # # # #### ### ### #### # #------- # # --.--# #|.....-i@f### # |.>.|# #-r....| # |....# |.....-## # |...| ------- # # ....| `######## # ----- # -.-.-- |....| |....| .....| ------ Zazza the Rambler Experience level: 1 Strength: 9 Dexterity: 8 Constitution: 17 Intelligence: 15 Wisdom: 8 Charisma: 18 Health: 0(13) Energy: 2(2) Def: 0 Gold: 1602 Moves: 2843 Dungeon seed: qZ2Lzhd3RnGdv-tU Game ID: Zazza_1618948712 Your Inventory: Coins $ - 1602 gold pieces Weapons a - 39 +2 darts (in quiver) Armor e - an uncursed +0 Hawaiian shirt (being worn) Comestibles f - an uncursed fortune cookie g - 2 uncursed eggs h - 4 uncursed food rations r - 2 uncursed food rations x - an uncursed slime mold C - a cursed candy bar D - a cursed clove of garlic E - 2 cursed cream pies F - 2 cursed eggs G - 3 cursed food rations H - a cursed melon I - a cursed slime mold O - 2 uncursed carrots R - an uncursed lichen corpse Scrolls k - 3 uncursed scrolls of magic mapping Potions i - 3 uncursed potions of extra healing j - a blessed potion of extra healing Rings U - a cursed +1 ring of gain constitution Wands p - a cursed wand of slow monster (0:5) Tools l - an expensive camera (0:61) m - an uncursed credit card Q - an uncursed tin whistle Spells and supernatural/magical abilities: Name Level Category Fail Memory W - pray for help -- divine ? -- Your skills at the end: Fighting Skills Weapon Skills dart [Basic] Spellcasting Skills Final Attributes: You were nominally aligned. You are dead. Vanquished creatures: a shrieker a floating eye a dwarf a homunculus a giant bat an iguana 3 coyotes 3 gas spores 3 manes 2 giant rats a yellow mold a red mold 3 geckos 6 jackals 3 foxes a goblin 2 sewer rats 3 grid bugs 5 lichens a kobold zombie 10 newts 53 creatures vanquished. Voluntary challenges: You were vegetarian. You never hit with a wielded weapon. You read items or engraved 3 times, starting on turn 706. You never genocided any monsters. You never polymorphed an object. You never changed form. You used no wishes. You never split a pudding. You wrote Elbereth's name 1 time, starting on turn 2005. You never violated your personal moral code. Dungeon overview: The Dungeons of Doom: levels 1 to 5 Level 1 some fountains, a sink a long staircase Level 2 a scroll shop, a fountain Level 3 a general store Level 4 stairs to The Gnomish Mines Level 5 <- You were here a fountain The Gnomish Mines: Level 5 stairs to The Dungeons of Doom History has recorded: On T:1 you entered the Dungeons of Doom to retrieve the Amulet of Yendor! On T:355 you reached level 2 of The Dungeons of Doom. On T:934 you reached level 3 of The Dungeons of Doom. On T:1337 you reached level 4 of The Dungeons of Doom. On T:1645 you reached level 1 of The Gnomish Mines. On T:2003 you reached level 5 of The Dungeons of Doom. Score breakdown: Gold: 1546 (10849 points) Experience: 1 level ( 0 points) Exploration: 5 levels ( 10.00%) ( 8571 points) Discoveries: 9 items ( 3.02%) ( 5213 points) Valuables value: (no points given unless you survive) Artifact value: 0 ( 0 points) Variety of kills: 21 monsters ( 5.51%) ( 7043 points) Turncount: 2843 turns ( -520 points) Survival: died (score multiplied by 80%) Total score: 24924 Latest messages: You displace Armand. Armand picks up a large box. You displace Armand. Armand bites the manes. The manes is destroyed! Armand drops a large box. There is a fountain here. You see here a large box. You displace Armand. You miss the manes. The manes hits! (2x) The manes bites! Armand bites the manes. The manes misses Armand. (3x) You stop. Armand is in the way! Armand misses the manes. Armand bites the manes. The manes is destroyed! You displace Armand. You stop. Armand is in the way! You hear some noises. You displace Armand. The manes hits! (2x) The manes bites! You die... Final status: Aloha Zazza the Tourist, killed by a manes... You died in The Dungeons of Doom on dungeon level 5 with 24924 points, and 1602 pieces of gold, after 2843 moves. You were level 1 with a maximum of 13 hit points when you died.